 Dungeon Crawl Stone Soup version 0.30-a0-743-gbfdf073431 (webtiles) character file.

Game seed: 5043053802246724723

48 LennaLeFay the Insei (level 4, -5/32 HPs)
             Began as a Djinni Transmuter on Feb 6, 2023.
             Slain by Crazy Yiuf
             ... wielding a +3 quarterstaff of chaos
              (19 damage)
             ... on level 2 of the Dungeon.
             The game lasted 00:06:38 (1620 turns).

LennaLeFay the Insei (Djinni Transmuter)            Turns: 1620, Time: 00:06:39

Health: -5/32      AC:  9    Str:  9    XL:     4   Next: 0%
Gold:   32         EV: 12    Int: 16    God:
                   SH:  0    Dex: 14

rFire   + + .      SeeInvis .    f - +2 hammer (protect)
rCold   x . .      Faith    .    (no shield)
rNeg    . . .      Spirit   .    a - +0 robe
rPois   ∞          Reflect  .    (helmet currently unavailable)
rElec   .          Harm     .    (no cloak)
rCorr   .          Rampage  .    (no gloves)
Will    .....                    (boots unavailable)
Stlth   +                        (no amulet)
HPRegen 0.25/turn                (no ring)
MPRegen 0.00/turn                (no ring)

@: appendages, wereblooded, under a protective aura, flying, very slightly
contaminated
A: horns 2, flying, sickness immunity, fire resistance 2, cold vulnerability 1,
float, innate caster, HP casting, extra vitality 1, wild magic 1
a: End Transformation


You were on level 2 of the Dungeon.
You had temporarily grown beastly horns.
You visited 1 branch of the dungeon, and saw 2 of its levels.

You collected 32 gold pieces.

Inventory:

Hand Weapons
 f - a +2 hammer of protection (weapon)
 h - a +0 short sword
Armour
 a - a +0 robe (worn)
Wands
 j - a wand of roots (12)
Scrolls
 c - a scroll of poison
 e - a scroll of teleportation
Potions
 b - a potion of lignification
 d - a potion of curing


   Skills:
 + Level 1.1 Fighting
 + Level 0.7 Short Blades
 + Level 0.2 Maces & Flails
 + Level 2.7 Dodging
 + Level 0.2 Stealth
 + Level 3.6 Unarmed Combat
 + Level 1.9 Spellcasting


You couldn't memorise any spells.
You knew the following spells:

 Your Spells              Type           Power      Damage    Failure   Level
a - Beastly Appendage     Tmut           20%        N/A       14%         1
b - Wereblood             Tmut           10%        N/A       21%         2
c - Spider Form           Tmut/Pois      10%        N/A       36%         3
d - Ice Form              Ice/Tmut       10%        N/A       75%         4
e - Summon Small Mammal   Summ           40%        N/A       14%         1
Your spell library was empty.

Dungeon Overview and Level Annotations

Branches:
Dungeon (2/15)

Altars:

Annotations:
D:2 Crazy Yiuf


Innate Abilities, Weirdness & Mutations

You have temporarily grown beastly horns.
You are flying.
You are immune to sickness and miasma.
You are immune to poison.
Your flesh is very heat resistant. (rF++)
You are vulnerable to cold. (rC-)
You float through the air rather than walking.
You learn spells naturally, not from books.
Your magical power is your life essence.
You have superior vitality. (+4 MHP)
Your spells are a little harder to cast, but a little more powerful.


Message History

You see here a +0 hammer.
You see here a +0 hammer.
You see here a +2 hammer of protection.
f - a +2 hammer of protection Your +2 hammer of protection hums with potential!
f - a +2 hammer of protection (weapon)
You see here a +0 hammer.
You see here a +0 hammer.
You see here a +0 hammer.
Found a hammer.
Found a runed translucent door.
Crazy Yiuf laughs, "Tonal bush bag!"
Casting: Beastly Appendage (safe; 14% risk of failure)
Confirm with . or Enter, or press ? or * to list all spells.
Your blood is infused with primal strength.
Casting: Wereblood (safe; 21% risk of failure)
Confirm with . or Enter, or press ? or * to list all spells.
You miscast Beastly Appendage.
You are very lightly contaminated with residual magic.
Nothing appears to happen.
You reach down and open the door.
Casting: Beastly Appendage (safe; 14% risk of failure)
Confirm with . or Enter, or press ? or * to list all spells.
You grow a pair of large bovine horns.
Crazy Yiuf yells, "Dawk!
Adder light sanguine."
Crazy Yiuf hits you with a +3 quarterstaff of chaos!
Crazy Yiuf burns you.
You hit Crazy Yiuf but do no damage.
Your weapon exudes an aura of protection.
Crazy Yiuf closely misses you.
You hit Crazy Yiuf.
Crazy Yiuf is moderately wounded.
Crazy Yiuf misses you.
You hit Crazy Yiuf but do no damage.
You headbutt Crazy Yiuf, but do no damage.
Crazy Yiuf is moderately wounded.
Crazy Yiuf closely misses you.
Crazy Yiuf hits you with a +3 quarterstaff of chaos!
You are electrocuted!!
Ouch! That really hurt!
You die...

#..#.# #..#.# #..#.#
#..#.# ♣♣♣♣♣####..#.#
### ♣♣♣.♣.))#......#
#...#♣..♣.)♣)))..#.>#
#...g@♣♣♣♣))))...)..##
#)..#♣♣ ♣♣.)#)#.##...
### ♣♣##...##.##
######.# #.# #.# #.##
#... ####


You could see Crazy Yiuf.

Vanquished Creatures
  An adder (D:2)
  A dart slug (D:1)
  5 bats
  2 endoplasms
  A giant cockroach (D:2)
  6 goblins
  A hobgoblin (D:1)
  2 jackals (D:2)
  6 ball pythons
  2 frilled lizards
  4 kobolds (D:1)
  4 rats
35 creatures vanquished.

Notes
Turn   | Place    | Note
-------+----------+-------------------------------------------
     0 | D:1      | LennaLeFay the Djinni Transmuter began the quest for the
                  | Orb.
     0 | D:1      | LennaLeFay set off with the following spells memorised:
                  | Beastly Appendage, Wereblood, Spider Form, Ice Form.
     0 | D:1      | Reached XP level 1. HP: 17/17 MP: 0/0
   344 | D:1      | Reached XP level 2. HP: 16/22 MP: 0/0
   543 | D:1      | Gained mutation: Your spells are a little harder to cast,
                  | but a little more powerful. [potion of mutation]
   618 | D:1      | Found a faded altar of an unknown god.
   937 | D:1      | Reached XP level 3. HP: 24/27 MP: 0/0
   937 | D:1      | Learned a level 1 spell: Summon Small Mammal
  1594 | D:2      | Reached XP level 4. HP: 29/32 MP: 0/0
  1610 | D:2      | Found a runed translucent door.
  1611 | D:2      | Noticed Crazy Yiuf
  1620 | D:2      | Slain by Crazy Yiuf

Illustrated notes

Levels and vault maps discovered:
D:1:      ncdulo_watergridlock, layout_loops_corners,
          shapermc_ecumenical_altar_venn
D:2:      layout_loops_ring, chequers_decorated_corner, uniq_crazy_yiuf_cottage

Action                     |  1- 3 |  4- 6 || total
---------------------------+-------+-------++-------
  Melee: Unarmed           |    17 |       ||    17
         Club              |    41 |       ||    41
         Headbutt          |    15 |     1 ||    16
         Short sword       |    78 |       ||    78
         Punch             |     5 |       ||     5
         Mace              |       |     3 ||     3
   Cast: Beastly Appendage |    20 |     1 ||    21
         Wereblood         |     1 |     1 ||     2
    Use: Scroll            |     6 |       ||     6
         Potion            |     4 |       ||     4
   Stab: Sleeping          |     2 |       ||     2
 Armour: Robe              |    52 |       ||    52
  Dodge: Dodged            |   142 |     3 ||   145

Table legend: (Time is in decaauts)
 A = Elapsed time spent in this place.
 B = Non-inter-level travel time spent in this place.
 C = Inter-level travel time spent in this place.
 D = Time resting spent in this place.
 E = Time spent auto-exploring this place.
 F = Levels seen in this place.
 G = Mean time per level.
                   A        B        C        D        E       F      G
               +--------+--------+--------+--------+--------+-----+--------+
         Total |   1611 |   1591 |     20 |      0 |    998 |   2 |  805.5 |
       Dungeon |   1611 |   1591 |     20 |      0 |    998 |   2 |  805.5 |
               +--------+--------+--------+--------+--------+-----+--------+

Top non-repeatable levels by time:
     D:1: 1129 daAuts
     D:2: 481 daAuts
